AoeStats
← gregory.brugger

Nomad

503235592Analyzed
3v3 RM · 1mo ago on Aug 30, 2026· 30m 35s· 6 players
Game mode
Random Map
Map size
210×210
Population
200
Speed
Normal
Resources
Standard
Victory
Conquest
Starting age
Dark Age
Ending age
Imperial Age
RankedLock teamsTeams togetherTeam positionsShared explorationLock speedFull tech treeHidden civsTurbo modeCheats
Victory
Defeat
🇨🇭 Mongols · Switzerland
1073
+13
🇨🇭 Georgians · Switzerland
1068
+13
🇨🇭 Persians · Switzerland
946
+19
🇹🇷 Huns · Türkiye
1050
-17
🇹🇷 Vietnamese · Türkiye
1048
-17
🇹🇷 Sicilians · Türkiye
936
-12
Smokkl
15:06 Feudal Age
22:00 Castle Age
23:14 Gold Mining
23:15 Double-Bit Axe
23:52 Bloodlines
23:43 Husbandry
dodo_kkl
6:33 Loom
14:50 Feudal Age
16:54 Double-Bit Axe
21:39 Castle Age
23:53 Elite Skirmisher
24:07 Crossbowman
26:37 Padded Archer Armor
30:04 Bow Saw
Passdespoir
6:09 Loom
15:10 Feudal Age
gregory.brugger
5:00 Loom
13:06 Feudal Age
17:29 Castle Age
16:06 Stone Mining
16:07 Horse Collar
16:55 Double-Bit Axe
17:07 Fishing Lines
19:11 Wheelbarrow
22:08 Bloodlines
23:10 Hand Cart
31:00 Fletching
Sir Unique 75
13:50 Feudal Age
15:29 Double-Bit Axe
17:50 Castle Age
15:47 Horse Collar
16:34 Fishing Lines
19:16 Fletching
20:09 Wheelbarrow
19:20 Loom
20:41 Bodkin Arrow
21:03 Bow Saw
21:11 Scale Barding Armor
26:26 Forging
29:12 Gold Mining
Sir Coppy Jr
2:58 Loom
14:03 Feudal Age
18:34 Castle Age
18:06 Double-Bit Axe
25:54 Fletching
27:01 Padded Archer Armor
29:53 Bodkin Arrow
30:06 Horse Collar
31:11 Leather Archer Armor
Connection lost

Rejoining the realm…

Still unreachable

The connection could not be restored.

Session expired

The server has moved on; the page needs a fresh start.